 Dungeon Crawl Stone Soup version 0.30-a0-1050-g2766ea1e55 (webtiles) character file.

Game seed: 15857765576636045273

515 Conn the Firebug (level 7, -2/44 HPs)
             Began as an Octopode Fire Elementalist on Apr 10, 2023.
             Was an Initiate of Sif Muna.
             Slain by Duvessa
             ... wielding a +0 short sword
              (20 damage)
             ... on level 4 of the Dungeon.
             The game lasted 00:07:48 (3614 turns).

Conn the Firebug (Octopode Fire Elementalist)       Turns: 3614, Time: 00:07:49

Health: -2/44      AC:  1    Str:  8    XL:     7   Next: 20%
Magic:  1/13       EV: 13    Int: 22    God:    Sif Muna [......]
Gold:   188        SH:  0    Dex: 16    Spells: 5/14 levels left

rFire   + . .      SeeInvis .    s - +8 mace of Jirust {freeze, Int+3 Dex+4}
rCold   + . .      Faith    .    (no shield)
rNeg    . . .      Spirit   .    (helmet restricted)
rPois   +          Reflect  .    (no amulet)
rElec   +          Rampage  .    k - ring of willpower
rCorr   +                        (no ring)
Will    .....                    (no ring)
Stlth   ++++                     (no ring)
HPRegen 0.27/turn                (no ring)
MPRegen 0.13/turn                (no ring)
                                 (no ring)
                                 (no ring)

@: resistant, weak-willed, invisible
A: almost no armour, amphibious, 8 rings, camouflage 1, gelatinous body 1,
(nimble swimmer 1), tentacles
a: Renounce Religion


You were on level 4 of the Dungeon.
You worshipped Sif Muna.
Sif Muna was noncommittal.
You visited 1 branch of the dungeon, and saw 4 of its levels.

You collected 188 gold pieces.

Inventory:

Hand Weapons
 c - a +0 short sword of venom
 l - a +3 dagger of venom
 s - the +8 mace of Jirust (weapon) {freeze, Int+3 Dex+4}
   (You found it on level 3 of the Dungeon)

   Int:       It affects your intelligence (+3).
   Dex:       It affects your dexterity (+4).
Jewellery
 k - a ring of willpower (left tentacle)
Wands
 j - a wand of digging (3)
Scrolls
 b - a scroll of silence
 e - a scroll of fog
 g - a scroll of enchant armour
 h - a scroll of poison
 i - a scroll of enchant weapon
 m - a scroll of magic mapping
 p - a scroll of vulnerability
Potions
 a - a potion of magic
 d - a potion of invisibility
 f - a potion of haste {unknown}
 o - a potion of degeneration {unknown}
 q - a potion of resistance
 r - 2 potions of cancellation {unknown}
 t - a potion of flight {unknown}
 u - 2 potions of mutation {unknown}
 w - a potion of brilliance {unknown}


   Skills:
 * Level 1.9 Fighting
 + Level 0.5 Short Blades
 * Level 1.5 Maces & Flails
 + Level 2.1 Dodging
 + Level 4.3 Stealth
 * Level 4.0 Spellcasting
 + Level 2.9 Conjurations
 + Level 0.5 Hexes
 * Level 4.7 Fire Magic


You had 5 spell levels left.
You knew the following spells:

 Your Spells              Type           Power      Damage    Failure   Level
a - Foxfire               Conj/Fire      84%        2x1d8     2%          1
c - Inner Flame           Hex/Fire       15%        N/A       12%         3
d - Volatile Blastmotes   Fire/Tloc      28%        2d12      13%         3
e - Scorch                Fire           50%        2d7       2%          2

Your spell library contained the following spells:

 Spells                   Type           Power      Damage    Failure   Level
 Ignite Poison            Fire/Tmut/Pois 11%        N/A       19%         3
 Flame Wave               Conj/Fire      21%        2d8       24%         4
 Sticky Flame             Conj/Fire      21%        2d4       24%         4
 Ignition                 Fire           12%        3d6       100%        8


Dungeon Overview and Level Annotations

Branches:
Dungeon (4/15)
 Temple: D:4-7

Altars:
Dithmenos
Sif Muna
Trog
Uskayaw

Shops:
D:1 :   D:2 [

Annotations:
D:4 Duvessa


Innate Abilities, Weirdness & Mutations

You cannot wear most types of armour.
You are amphibious.
You can wear up to eight rings at the same time.
Your skin changes colour to match your surroundings (Stealth+).
Your rubbery body absorbs attacks. (AC +1, EV +1)
((You are camouflaged when in or above water. (Stealth+)))
You have tentacles for arms and can constrict up to eight enemies at once.


Message History

You aren't carrying any armour which can be enchanted further.
As you read the scroll labelled YHIXIR VIPLE, it crumbles to dust.
It is a scroll of enchant weapon.
Your +2 dagger of venom glows red for a moment.
Duvessa rages.
Unknown command.
As you read the scroll labelled LARHOC ZEAGES, it crumbles to dust.
Magic quickly surges around you.
It was a scroll of vulnerability.
Okay, then.
Okay, then.
As you read the scroll labelled LOMIF INESCHAFU, it crumbles to dust.
Wisps of shadow whirl around you...
It was a scroll of summoning.
Duvessa hits you with a +0 short sword! Duvessa completely misses you.
Your endoplasm closely misses Duvessa.
Casting: Inner Flame (dangerous; 12% risk of failure)
Confirm with . or Enter, or press ? or * to list all spells.
Flames lash Duvessa.
Duvessa is lightly wounded.
Duvessa's fire resistance burns away.
Duvessa hits you but does no damage. Duvessa hits you with a +0 short sword!
Your kobold hits Duvessa but does no damage.
Your endoplasm barely misses Duvessa.
Your kobold barely misses Duvessa.
Okay, then.
Okay, then.
Okay, then.
It was a potion of resistance.
You feel protected. Duvessa hits you with a +0 short sword.
Your kobold closely misses Duvessa.
Your endoplasm closely misses Duvessa.
Your kobold barely misses Duvessa.
Okay, then.
It was a potion of invisibility.
You fade into invisibility!
Duvessa completely misses you. Duvessa closely misses you.
Your kobold hits Duvessa with a +0 dagger.
Your endoplasm barely misses Duvessa.
Your kobold closely misses Duvessa.
Your endoplasm hits Duvessa but does no damage.
Duvessa is no longer more vulnerable to fire.
Duvessa hits you with a +0 short sword!!
You die...

###....<
###.......
##.......##
##.....####
######
##....###
#....# ##...###
#####....#
###...##
...[.)...#
###....##
#....###@....##
#.......e...##
###...KK..###
###..J### #####


You could see Duvessa (berserk, unable to see you, weak-willed, ally target), a
friendly endoplasm (summoned) and 2 friendly kobolds.

Vanquished Creatures
  Grinder (D:4)
  Edmund (D:4)
  Dowan (D:4)
  Jessica (D:2)
  An orc wizard (D:4)
  4 adders (D:3)
  A worm (D:3)
  A dart slug (D:1)
  9 orcs
  7 ball pythons
  4 endoplasms
  2 giant cockroaches
  6 goblins (D:1)
  3 hobgoblins
  2 jackals (D:1)
  8 kobolds
  2 quokkas
  5 bats
  3 frilled lizards
  4 rats
66 creatures vanquished.

Vanquished Creatures (others)
  187 foxfires
187 creatures vanquished.

Grand Total: 253 creatures vanquished

Notes
Turn   | Place    | Note
-------+----------+-------------------------------------------
     0 | D:1      | Conn the Octopode Fire Elementalist began the quest for the
                  | Orb.
     0 | D:1      | Reached XP level 1. HP: 11/11 MP: 3/3
   256 | D:1      | Reached XP level 2. HP: 17/17 MP: 3/5
   643 | D:1      | Reached XP level 3. HP: 21/21 MP: 0/6
   774 | D:1      | Found Vuhar's Book Emporium.
  1149 | D:2      | Found Ibuapp's Antique Armour Boutique.
  1360 | D:2      | Noticed Jessica
  1366 | D:2      | Killed Jessica
  1367 | D:2      | Reached XP level 4. HP: 27/27 MP: 1/7
  2247 | D:3      | Found a shadowy altar of Dithmenos.
  2254 | D:3      | Found a bloodstained altar of Trog.
  2256 | D:3      | Found a hide-covered altar of Uskayaw.
  2258 | D:3      | Found a shimmering blue altar of Sif Muna.
  2266 | D:3      | Became a worshipper of Sif Muna the Loreminder
  2379 | D:3      | Found a faded altar of an unknown god.
  2497 | D:3      | Identified the +8 mace of Jirust {freeze, Int+3 Dex+4}
  2611 | D:3      | Reached XP level 5. HP: 32/32 MP: 9/9
  3039 | D:4      | Noticed Grinder
  3070 | D:3      | Learned a level 2 spell: Scorch
  3074 | D:3      | Learned a level 3 spell: Inner Flame
  3078 | D:3      | Learned a level 3 spell: Volatile Blastmotes
  3243 | D:4      | Killed Grinder
  3244 | D:4      | Reached skill level 1 in Fighting
  3244 | D:4      | Reached skill level 1 in Maces & Flails
  3244 | D:4      | Reached XP level 6. HP: 38/38 MP: 0/11
  3348 | D:4      | Noticed Edmund
  3367 | D:4      | Killed Edmund
  3368 | D:4      | Reached XP level 7. HP: 40/44 MP: 0/12
  3593 | D:4      | Noticed Dowan
  3601 | D:4      | Noticed Duvessa
  3602 | D:4      | Killed Dowan
  3614 | D:4      | Slain by Duvessa

Illustrated notes

Levels and vault maps discovered:
D:1:      eino_arrival_cavern_b, layout_loops_ring, serial_shops,
          nicolae_shop_stone
D:2:      layout_loops_ring, serial_shops, shop, kennysheep_generic_room_8,
          uniq_jessica
D:3:      layout_loops_corners, minitemple, nicolae_ecumenical_snake_handling
D:4:      layout_rooms, serial_curves, eino_curves_01, eino_curves_01,
          uniq_duvessa, uniq_edmund, uniq_grinder

Skill      XL: |  1  2  3  4  5  6  7 |
---------------+----------------------+-----
Stealth        | 3 4 |  4.3
Conjurations   | 2 |  2.9
Fire Magic     | 4 |  4.7
Fighting       | 1 |  1.9
Maces & Flails | 1 |  1.5
Spellcasting   | 3 4 |  4.0
Short Blades   | |  0.5
Dodging        | |  2.1
Hexes          | |  0.5

Action                     |  1- 3 |  4- 6 |  7- 9 || total
---------------------------+-------+-------+-------++-------
  Melee: Unarmed           |     2 |       |       ||     2
         Constrict         |     4 |     1 |       ||     5
         Short sword       |    16 |     1 |       ||    17
         Tentacles         |     2 |     3 |       ||     5
         Dagger            |       |     6 |       ||     6
         Mace              |       |    10 |       ||    10
   Cast: Foxfire           |    44 |    56 |     9 ||   109
         Inner Flame       |       |     4 |     2 ||     6
         Scorch            |       |       |     1 ||     1
    Use: Scroll            |       |     4 |     4 ||     8
         Potion            |       |       |     2 ||     2
   Stab: Sleeping          |     3 |     5 |       ||     8
 Armour: Skin              |     1 |     1 |     1 ||     3
  Dodge: Dodged            |    14 |    10 |     3 ||    27

Table legend: (Time is in decaauts)
 A = Elapsed time spent in this place.
 B = Non-inter-level travel time spent in this place.
 C = Inter-level travel time spent in this place.
 D = Time resting spent in this place.
 E = Time spent auto-exploring this place.
 F = Levels seen in this place.
 G = Mean time per level.
                   A        B        C        D        E       F      G
               +--------+--------+--------+--------+--------+-----+--------+
         Total |   3615 |   3502 |    113 |     63 |   2732 |   4 |  903.8 |
       Dungeon |   3615 |   3502 |    113 |     63 |   2732 |   4 |  903.8 |
               +--------+--------+--------+--------+--------+-----+--------+

Top non-repeatable levels by time:
     D:3: 1279 daAuts
     D:1: 1079 daAuts
     D:2: 719 daAuts
     D:4: 536 daAuts
